 Dungeon Crawl Stone Soup version 0.23.0 (webtiles) character file.

Game seed: 16322383905082319616

23157 BarneyGumball the Cleaver (level 12, -4/112 HPs)
             Began as a Deep Dwarf Fighter on Feb 22, 2019.
             Was an Elder of Makhleb.
             Killed by divine providence
             ... invoked by a meliai
              (7 damage)
             ... on level 4 of the Lair of Beasts.
             The game lasted 00:14:08 (9022 turns).

BarneyGumball the Cleaver (Deep Dwarf Fighter)      Turns: 9022, Time: 00:14:09

Health: -4/112     AC: 14    Str: 25    XL:     12   Next: 69%
Magic:  0/0        EV:  7    Int:  9    God:    Makhleb [****..]
Gold:   538        SH: 15    Dex: 14    Spells: 11/11 levels left

rFire    + . .     SeeInvis .   a - +0 war axe
rCold    . . .     Gourm    .   c - +0 shield
rNeg     . . .     Faith    .   t - +3 chain mail of Qodeept {rCorr Dex+2 Stlth+}
rPois    +         Spirit   .   (no helmet)
rElec    .         Reflect  +   (no cloak)
rCorr    +         Harm     .   (no gloves)
MR       +....                  (no boots)
Stlth    ..........             k - +3 amulet of reflection
HPRegen  0.00/turn              v - ring of poison resistance
MPRegen  0.07/turn              z - ring of protection from fire

@: non-regenerating
A: damage resistance, heal wounds, sense surroundings 2, no regeneration
a: Heal Wounds, Minor Destruction, Lesser Servant of Makhleb, Major Destruction,
Renounce Religion


You were on level 4 of the Lair of Beasts.
You worshipped Makhleb.
Makhleb was greatly pleased with you.
You were very hungry.

You visited 3 branches of the dungeon, and saw 15 of its levels.

You collected 778 gold pieces.
You spent 240 gold pieces at shops.

Inventory:

Hand Weapons
 a - a +0 war axe (weapon)
 b - a +0 morningstar
Armour
 c - a +0 shield (worn)
 t - the +3 chain mail of Qodeept (worn) {rCorr Dex+2 Stlth+}
   (You found it on level 4 of the Dungeon)

   It affects your dexterity (+2).
   It provides partial protection from all sources of acid and corrosion.
   It makes you more stealthy.
Jewellery
 k - a +3 amulet of reflection (around neck)
 v - a ring of poison resistance (left hand)
 z - a ring of protection from fire (right hand)
Wands
 q - a wand of random effects (9)
 r - a wand of acid (7)
 y - a wand of enslavement (20)
 C - a wand of flame (14)
 D - a wand of scattershot (6)
 I - a wand of polymorph (6)
Scrolls
 h - a scroll of teleportation
 i - 5 scrolls of fog
 m - a scroll of magic mapping
 s - 2 scrolls of fear {unknown}
 u - a scroll of enchant weapon {unknown}
 x - 2 scrolls of identify
 E - 5 scrolls of remove curse
 F - a scroll of amnesia
 H - a scroll of brand weapon {unknown}
 J - a scroll of torment {unknown}
Potions
 d - a potion of magic {unknown}
 e - 4 potions of brilliance
 g - a potion of agility
 j - a potion of cancellation {unknown}
 l - a potion of mutation {unknown}
 n - a potion of heal wounds {unknown}
 o - 2 potions of haste
 p - 3 potions of curing
 w - a potion of degeneration {unknown}
 A - a potion of ambrosia {unknown}
 B - a potion of invisibility {unknown}
 G - a potion of might
Comestibles
 f - 25 rations


   Skills:
 + Level 8.7 Fighting
 * Level 13.5 Axes
 + Level 10.4 Armour
 + Level 10.3 Shields
 * Level 10.8 Invocations


You had 11 spell levels left.
You didn't know any spells.
Your spell library contained the following spells:

 Spells                   Type           Power        Failure   Level  Hunger
 Beastly Appendage        Tmut           #.....       98%         1    ##.....
 Flame Tongue             Conj/Fire      #....        98%         1    ##.....
 Sticks to Snakes         Tmut           #.......     99%         2    ###....
 Throw Flame              Conj/Fire      #.....       99%         2    ###....
 Conjure Flame            Conj/Fire      #.......     100%        3    ####...
 Inner Flame              Hex/Fire       #.......     100%        3    ####...
 Spider Form              Tmut/Pois      #.........   100%        3    ####...
 Ice Form                 Ice/Tmut       #.......     100%        4    #####..
 Sticky Flame             Conj/Fire      #.......     100%        4    #####..
 Blade Hands              Tmut           #.........   100%        5    ######.
 Fireball                 Conj/Fire      #.........   100%        5    ######.


Dungeon Overview and Level Annotations

Branches:
Dungeon (10/15)            Temple (1/1) D:5            Lair (4/6) D:9
  Swamp (0/4) Lair:3       Spider (0/4) Lair:2          Orc (0/2) D:9

Altars:
Ashenzari
Cheibriados
Dithmenos
Elyvilon
Fedhas
Gozag
Hepliaklqana
Kikubaaqudgha
Makhleb
Nemelex Xobeh
Okawaru
Qazlal
Ru
Sif Muna
Trog
Uskayaw
Vehumet
Wu Jian
Xom
Yredelemnul
Zin
The Shining One

Shops:
D:7 =   D:9 (

Portals:
Bailey: D:10

Annotations:
D:6 Prince Ribbit
Lair:3 exclusion: 2 oklob plants


Innate Abilities, Weirdness & Mutations

You are resistant to damage.
You can heal yourself by infusing magical energy.
You passively map the area around you.
You do not regenerate.


Message History

You hit the killer bee.
You hit the killer bee but do no damage.
The killer bee closely misses you. You block the killer bee's attack. x2
The killer bee stings you.
You slice the killer bee!!
You kill the killer bee!
Makhleb accepts your kill.
You closely miss the killer bee.
Your chain mail of Qodeept prevents you from hitting the killer bee.
The killer bee stings you but does no damage.
You block the killer bee's attack. The meliai hits you but does no damage.
The meliai stings you. You block the killer bee's attack.
The killer bee stings you.
You hit the meliai but do no damage. You completely miss the killer bee.
You slash the killer bee! You closely miss the meliai.
The meliai hits you but does no damage.
The meliai stings you but does no damage.
The meliai invokes the aid of its god against you.
Something smites you!
You die...

...###...#..#### ##.....# .###
######## ###+#.# ## ### #...###
.## #.# ##....# # ..## ####
#.###.P.#.### # ...###*###
###..###...........###
....#.##..##.#....y...........P#
...P.#.........y#y#...........###
(..P..+.......yy@#.#.....y......#
..P..##.......+y###.y.y.........#
....#.#........#.###....[........
...##*####.+###### ##.###P###..##
###.# ##.# #.# ### ##### ## #.#
#.# #.## #.# # #..# #.# # ##..# *


You could see 2 meliai and 4 killer bees.

Vanquished Creatures
  3 hydras
  A black mamba (Lair:1)
  Psyche (D:8)
  A torpor snail (Lair:3)
  2 spiny frogs
  A rime drake (Lair:2)
  3 komodo dragons
  A troll (D:9)
  2 jumping spiders (Lair:2)
  4 polar bears (Lair:2)
  5 hippogriffs
  4 blink frogs (Lair:2)
  9 yaks
  4 wraiths (Lair:4)
  4 hogs (D:7)
  A human (D:7)
  A steam dragon (D:8)
  2 swamp worms (Lair:3)
  3 wargs (D:9)
  Menkaure (D:5)
  2 water moccasins
  4 porcupines
  3 ice beasts
  8 orc warriors
  4 sky beasts
  7 black bears
  8 ogres
  2 phantoms
  7 wolves
  7 centaurs
  6 crocodiles
  10 bullfrogs
  5 scorpions
  14 killer bees
  7 wights
  2 electric eels (D:9)
  A crimson imp (D:8)
  4 jellies
  3 gnoll shamans (D:7)
  13 orc priests
  6 hounds
  A bullfrog skeleton (D:8)
  A centaur skeleton (D:5)
  2 iguanas
  5 orc wizards
  7 worker ants
  A killer bee zombie (D:7)
  A worker ant zombie (D:5)
  8 gnolls (D:7)
  13 adders
  2 oozes
  An adder zombie (D:6)
  An adder skeleton (D:5)
  3 worms (D:2)
  3 dart slugs (D:1)
  3 leopard geckos
  36 orcs
  3 giant cockroaches
  9 goblins
  3 hobgoblins
  6 kobolds (D:10)
  3 quokkas
  3 bats
  3 frilled lizards
  4 rats
298 creatures vanquished.

Vanquished Creatures (collateral kills)
  Nessos (Lair:4)
  Josephine (Lair:4)
  A torpor snail (Lair:4)
  A komodo dragon (Lair:2)
  A queen bee (Lair:4)
  A meliai (Lair:4)
  2 jumping spiders (Lair:2)
  4 tyrant leeches (Lair:3)
  2 polar bears (Lair:2)
  4 blink frogs (Lair:2)
  2 redbacks (Lair:2)
  A wraith (Lair:4)
  3 yaks (Lair:4)
  6 swamp worms (Lair:3)
  A water moccasin (Lair:2)
  A porcupine (Lair:2)
  2 black bears (Lair:2)
  A killer bee (Lair:4)
35 creatures vanquished.

Vanquished Creatures (others)
  A centaur (D:9)
  A big kobold (D:10)
  A kobold (D:10)
  8 fungi
  13 plants
24 creatures vanquished.

Grand Total: 357 creatures vanquished

Notes
Turn   | Place    | Note
-------+----------+-------------------------------------------
     0 | D:1      | BarneyGumball the Deep Dwarf Fighter began the quest for
                  | the Orb.
     0 | D:1      | Reached XP level 1. HP: 20/20 MP: 1/1
   106 | D:1      | Reached XP level 2. HP: 27/27 MP: 2/2
   302 | D:2      | Reached skill level 3 in Axes
   348 | D:2      | Reached XP level 3. HP: 31/33 MP: 3/3
   610 | D:4      | Reached XP level 4. HP: 28/42 MP: 4/4
   822 | D:4      | Got a fine chain mail
   827 | D:4      | Identified the +3 chain mail of Qodeept {rCorr Dex+2
                  | Stlth+} (You found it on level 4 of the Dungeon)
   896 | D:4      | Reached skill level 4 in Axes
   896 | D:4      | Reached XP level 5. HP: 32/49 MP: 5/5
   944 | D:5      | Entered Level 5 of the Dungeon
  1002 | D:5      | Noticed an ogre
  1018 | D:5      | Killed an ogre
  1188 | D:5      | Reached XP level 6. HP: 32/56 MP: 6/6
  1243 | D:5      | Reached skill level 5 in Axes
  1259 | D:5      | Reached XP level 7. HP: 49/64 MP: 5/5
  1328 | D:5      | Reached skill level 5 in Armour
  1451 | D:5      | Reached skill level 5 in Shields
  1465 | D:5      | Noticed Menkaure
  1472 | D:5      | Killed Menkaure
  1472 | D:5      | Reached skill level 6 in Axes
  1500 | D:5      | Found a staircase to the Ecumenical Temple.
  1744 | Temple   | Entered the Ecumenical Temple
  1831 | Temple   | Became a worshipper of Makhleb the Destroyer
  2130 | D:6      | Reached XP level 8. HP: 42/73 MP: 5/5
  2206 | D:6      | Noticed Prince Ribbit
  2357 | D:6      | Reached skill level 7 in Axes
  2476 | D:6      | Reached skill level 5 in Fighting
  2535 | D:6      | Found a deep blue altar of Sif Muna.
  2769 | D:7      | Reached skill level 8 in Axes
  2849 | D:7      | Gained mutation: You passively map the area around you.
                  | [Deep Dwarf growth]
  2849 | D:7      | Reached XP level 9. HP: 61/81 MP: 5/5
  2861 | D:7      | Reached * piety under Makhleb
  3040 | D:7      | Found Lomaj's Jewellery Shoppe.
  3048 | D:7      | Bought an uncursed ring of poison resistance for 240 gold
                  | pieces
  3172 | D:7      | Reached skill level 9 in Axes
  3555 | D:7      | Reached skill level 10 in Axes
  4001 | D:8      | Reached ** piety under Makhleb
  4014 | D:8      | Reached XP level 10. HP: 64/92 MP: 4/4
  4082 | D:8      | Noticed Psyche
  4158 | D:8      | Killed Psyche
  4356 | D:8      | Reached skill level 1 in Invocations
  4589 | D:9      | Found a staircase to the Lair.
  4612 | D:9      | Reached *** piety under Makhleb
  4626 | D:9      | Reached skill level 11 in Axes
  4962 | D:9      | Found a shattered altar of Ashenzari.
  4989 | D:9      | Found Budommau's Antique Weapon Boutique.
  4994 | D:9      | Found a staircase to the Orcish Mines.
  5002 | D:9      | Reached skill level 5 in Invocations
  5431 | D:10     | Entered Level 10 of the Dungeon
  5455 | D:10     | Reached XP level 11. HP: 78/100 MP: 3/5
  5495 | D:10     | Reached **** piety under Makhleb
  5734 | D:10     | Found a flagged portal.
  5965 | Lair:1   | Entered Level 1 of the Lair of Beasts
  6042 | Lair:1   | Noticed a seven-headed hydra
  6238 | Lair:1   | Noticed a five-headed hydra
  6266 | Lair:1   | Killed a five-headed hydra
  6266 | Lair:1   | Reached skill level 12 in Axes
  6276 | Lair:1   | Killed a seven-headed hydra
  7175 | Lair:2   | Reached XP level 12. HP: 76/110 MP: 6/6
  7476 | Lair:2   | Found a hole to the Spider Nest.
  7770 | Lair:3   | Reached skill level 10 in Armour
  7793 | Lair:3   | Reached skill level 13 in Axes
  7920 | Lair:3   | Found a staircase to the Swamp.
  8339 | Lair:3   | Reached skill level 10 in Shields
  8449 | Lair:4   | Reached skill level 10 in Invocations
  8502 | Lair:4   | Noticed Nessos
  8516 | Lair:4   | Killed Nessos
  8533 | Lair:4   | Noticed Josephine
  8555 | Lair:4   | Killed Josephine
  8730 | Lair:4   | Noticed a four-headed hydra
  8741 | Lair:4   | Killed a four-headed hydra
  9011 | Lair:4   | HP: 5/112 [meliai/divine providence (12)]
  9016 | Lair:4   | HP: 3/112 [killer bee (2)]
  9022 | Lair:4   | Killed from afar by a meliai

Skill      XL: |  1  2  3  4  5  6  7  8  9 10 11 12 |
---------------+-------------------------------------+-----
Axes           | 3 4 5 6 8 10 11 12 13 | 13.5
Fighting       | 3 4 5 6 7 8 |  8.7
Armour         | 4 5 6 7 8 9 10 | 10.4
Shields        | 4 5 6 7 8 9 10 | 10.3
Invocations    | 5 8 10 | 10.8

Action                   |  1- 3 |  4- 6 |  7- 9 | 10-12 || total
-------------------------+-------+-------+-------+-------++-------
Melee: War axe           |    90 |    58 |   416 |   790 ||  1354
       Morningstar       |       |       |       |    31 ||    31
Invok: Lesser Servant of |       |       |       |    20 ||    20
 Abil: Heal Wounds       |       |     9 |    15 |    49 ||    73
  Use: Scroll            |       |     8 |     1 |     6 ||    15
       Potion            |       |       |     1 |     1 ||     2
 Stab: Distracted        |       |       |       |     6 ||     6
  Eat: Chunk             |       |     1 |    10 |    13 ||    24
       Ration            |       |       |       |     1 ||     1
Armor: Scale mail        |    39 |     3 |       |       ||    42
       Chain mail        |       |    30 |   208 |   472 ||   710
Dodge: Dodged            |    23 |    20 |   110 |   267 ||   420
Block: Shield            |    52 |    45 |   323 |   807 ||  1227
       Reflection        |       |       |     1 |    19 ||    20
